 Dungeon Crawl Stone Soup version 0.29.1-1-gd02db6906a (webtiles) character file.

Game seed: 11403105325991533613

0 Earthwalker the Shield-Bearer (level 1, 0/19 HPs)
             Began as a Minotaur Fighter on Oct 7, 2022.
             Frozen to death by an endoplasm (3 damage)
             ... on level 1 of the Dungeon.
             The game lasted 00:00:24 (98 turns).

Earthwalker the Shield-Bearer (Minotaur Fighter)      Turns: 98, Time: 00:00:24

Health: 0/19       AC:  6    Str: 20    XL:     1   Next: 8%
Magic:  0/0        EV:  9    Int:  5    God:
Gold:   8          SH:  4    Dex:  9    Spells: 0/0 levels left

rFire   . . .      SeeInvis .   a - +0 trident
rCold   . . .      Faith    .   c - +0 buckler
rNeg    . . .      Spirit   .   b - +0 scale mail
rPois   .          Reflect  .   (helmet restricted)
rElec   .          Harm     .   (no cloak)
rCorr   .          Rampage  .   (no gloves)
Will    .....                   (no boots)
Stlth   ..........              (no amulet)
HPRegen 0.06/turn               (no ring)
MPRegen 0.07/turn               (no ring)

@: no status effects
A: horns 2, retaliatory headbutt
a: no special abilities


You were on level 1 of the Dungeon.
You visited 1 branch of the dungeon, and saw 1 of its levels.

You collected 8 gold pieces.

Inventory:

Hand Weapons
 a - a +0 trident (weapon)
Armour
 b - a +0 scale mail (worn)
 c - a +0 buckler (worn)
Scrolls
 f - a scroll of identify {unknown}
Potions
 d - a potion of might
 e - a potion of heal wounds {unknown}
 g - a potion of haste {unknown}


   Skills:
 + Level 3.6 Fighting
 + Level 2.4 Polearms
 + Level 3.6 Armour
 + Level 3.6 Shields


You couldn't memorise any spells.
You didn't know any spells.
Your spell library was empty.

Dungeon Overview and Level Annotations

Branches:
Dungeon (1/15)

Altars:


Innate Abilities, Weirdness & Mutations

You have a pair of horns on your head.
You reflexively headbutt those who attack you in melee.


Message History

e - an inky potion A kobold comes into view.
It is wielding a +0 short sword.
The kobold throws a stone.
The stone hits you. The kobold barely misses you.
You closely miss the kobold. Your headbutt misses the kobold.
The kobold barely misses you.
The kobold hits you with a +0 short sword.
You hit the kobold. You headbutt the kobold.
You kill the kobold!
Things that are here:
a +0 short sword; 2 stones HP restored.
f - a scroll labelled DACZUFF BYABOE
g - a bubbling sapphire potion
Found a stone staircase leading down.
A kobold and a goblin come into view.
The kobold shouts!
The goblin shouts!
An endoplasm comes into view.
Found 13 gold pieces.
A giant cockroach comes into view.
A quokka comes into view.
You barely miss the goblin. Your headbutt misses the goblin.
The goblin hits you with a +0 club. The kobold hits you but does no damage.
You completely miss the goblin. The goblin hits you but does no damage.
The kobold hits you with a +0 club.
You barely miss the goblin. The kobold hits you with a +0 club.
The endoplasm freezes you.
You are frozen.
The goblin completely misses you. The kobold hits you but does no damage.
The goblin hits you but does no damage. The endoplasm misses you.
You closely miss the goblin. Your headbutt misses the goblin.
The quokka bites you but does no damage.
You block the goblin's attack. The endoplasm freezes you.
You are frozen.
The kobold hits you with a +0 club.
* * * LOW HITPOINT WARNING * * *
You closely miss the goblin. You block the giant cockroach's attack.
The quokka barely misses you. The endoplasm freezes you.
You are frozen.
You die...

#..........###
.......>......#
##..........#.#
..............#
#..8.....8....########.
#$............#........
#.....KJB.....#.######
..###g@...#.........###
......r.................
........................
.~~~~~~~~~~~~~~~~~~~~~≈~
.~~≈≈≈≈≈≈≈≈≈≈≈≈≈≈≈≈≈~≈≈~
.~≈≈≈≈≈≈≈≈≈≈≈≈≈≈≈≈≈≈≈≈≈≈
.~≈≈#+#+#≈≈≈≈≈≈≈#+#+#≈≈~
.≈≈≈ ##+###+## +≈~~ ~≈
...# +≈≈≈


You could see an endoplasm, a quokka, a giant cockroach, a goblin and a kobold.

Vanquished Creatures
  A kobold (D:1)
1 creature vanquished.

Notes
Turn   | Place    | Note
-------+----------+-------------------------------------------
     0 | D:1      | Earthwalker the Minotaur Fighter began the quest for the
                  | Orb.
     0 | D:1      | Reached XP level 1. HP: 19/19 MP: 0/0
    98 | D:1      | Frozen to death by an endoplasm

Illustrated notes

Levels and vault maps discovered:
D:1:      dpeg_arrival_castle, layout_basic, shapermc_ecumenical_altar_gd,
          minmay_misc_feat_iff, kennysheep_decorative_pillar, st_stairs_1

Action                   || total
-------------------------++-------
Melee: Trident           ||     7
       Headbutt          ||     1
Armor: Scale mail        ||     5
Dodge: Dodged            ||     5
Block: Buckler           ||     2
